 Dungeon Crawl Stone Soup version 0.21.1-1-g345015f (webtiles) character file.

22155 JeffiDaFish the Geomancer (level 12, -5/69 HPs)
             Began as a Gargoyle Earth Elementalist on Feb 17, 2018.
             Was a High Priest of Vehumet.
             Slain by jackcabral90's ghost (35 damage)
             ... on level 3 of the Lair of Beasts.
             The game lasted 00:50:36 (14115 turns).

JeffiDaFish the Geomancer (GrEE)                   Turns: 14115, Time: 00:50:36

Health: -5/69      AC: 17    Str: 18    XL:     12   Next: 97%
Magic:  12/27      EV: 15    Int: 24    God:    Vehumet [*****.]
Gold:   819        SH:  0    Dex: 12    Spells: 8/33 levels left

rFire    . . .     SeeInvis .   D - +8 whip "Snakebite" {curare, rPois}
rCold    . . .     Gourm    .   (no shield)
rNeg     + . .     Faith    .   q - +2 robe
rPois    ∞         Spirit   .   (helmet restricted)
rElec    +         Reflect  .   y - scarf {cloud immunity}
rCorr    .         Harm     .   u - +2 pair of gloves
MR       .....                  (no boots)
Stlth    +++.......             w - amulet of magic regeneration
HPRegen  0.21/turn              i - +4 ring of strength
MPRegen  0.45/turn              l - ring "Seucymun" {rPois Str+2 Int+3 Stlth+}

@: no status effects
A: antennae 1, iridescent scales 1, agile 1, negative energy resistance 1,
electricity resistance, unbreathing, petrification resistance, rot immunity, AC
+8
a: Renounce Religion


You were on level 3 of the Lair of Beasts.
You worshipped Vehumet.
Vehumet was extremely pleased with you.
You were not hungry.

You visited 2 branches of the dungeon, and saw 13 of its levels.
You also visited: Sewer and Bailey.

You collected 1158 gold pieces.
You spent 339 gold pieces at shops.

Inventory:

Hand Weapons
 D - the +8 whip "Snakebite" (weapon) {curare, rPois}
   (You found it on level 1 of the Lair of Beasts)

   It poisons the flesh of those it strikes.
   It protects you from poison.
Missiles
 b - 322 stones (quivered)
Armour
 n - a +0 cloak
 q - a +2 robe (worn)
 u - a +2 pair of gloves (worn)
 y - a scarf of cloud immunity (worn)
Jewellery
 i - a +4 ring of strength (left hand)
 l - the ring "Seucymun" (right hand) {rPois Str+2 Int+3 Stlth+}
   (You bought it in a shop on level 4 of the Dungeon)

   [ring of intelligence]

   It affects your strength (+2).
   It affects your intelligence (+3).
   It protects you from poison.
   It makes you more stealthy.
 p - an uncursed amulet of the gourmand
 w - an amulet of magic regeneration (around neck)
 B - an uncursed ring of see invisible
Wands
 r - a wand of iceblast (17)
Scrolls
 h - 3 scrolls of amnesia
 j - 9 scrolls of teleportation
 k - 2 scrolls of identify
 m - 6 scrolls of remove curse
 v - 3 scrolls of blinking
 A - 2 scrolls of enchant weapon
 E - a scroll of magic mapping
Potions
 a - 2 potions of ambrosia
 c - 2 potions of haste
 g - 6 potions of curing
 o - a potion of heal wounds
 z - a potion of flight
Books
 e - a book of Geomancy

   Spells                             Type                      Level
   a - Sandblast                      Earth                        1
   b - Passwall                       Transmutation/Earth          2
   c - Stone Arrow                    Conjuration/Earth            3
   d - Petrify                        Transmutation/Earth          4
   e - Lee's Rapid Deconstruction     Earth                        5
 s - a book of Flames

   Spells                             Type                      Level
   a - Flame Tongue                   Conjuration/Fire             1
   b - Throw Flame                    Conjuration/Fire             2
   c - Conjure Flame                  Conjuration/Fire             3
   d - Inner Flame                    Hexes/Fire                   3
   e - Sticky Flame                   Conjuration/Fire             4
   f - Fireball                       Conjuration/Fire             5
 F - a book of Battle

   Spells                             Type                      Level
   a - Infusion                       Charms                       1
   b - Shroud of Golubria             Charms/Translocation         2
   c - Song of Slaying                Charms                       2
   d - Spectral Weapon                Hexes/Charms                 3
   e - Regeneration                   Charms/Necromancy            3
Miscellaneous
 x - a phial of floods
Comestibles
 d - 23 rations


   Skills:
 + Level 5.8 Fighting
 + Level 1.4 Maces & Flails
 - Level 6.6 Dodging
 - Level 2.2 Stealth
 + Level 11.3 Spellcasting
 - Level 10.4 Conjurations
   Level 0.7 Transmutations
 + Level 5.3 Fire Magic
 + Level 11.9 Earth Magic
 + Level 5.3 Poison Magic


You had 8 spell levels left.
You knew the following spells:

 Your Spells              Type           Power        Failure   Level  Hunger
a - Sandblast             Erth           ######       1%          1    None
b - Stone Arrow           Conj/Erth      ######       1%          3    None
c - Lee's Rapid Deconstr  Erth           ######....   1%          5    ####...
d - Sticky Flame          Conj/Fire      ######..     1%          4    None
e - Olgreb's Toxic Radia  Pois           #####...     1%          4    None
f - Inner Flame           Hex/Fire       ####....     1%          3    None
g - Fireball              Conj/Fire      ######....   1%          5    ####...


Dungeon Overview and Level Annotations

Branches:
Dungeon (10/15)            Temple (0/1) D:4            Lair (3/6) D:10
  Swamp (0/4) Lair:2
  Snake: Lair:2-4    Spider: Lair:2-4       Orc: D:9-12

Altars:
Ashenzari
Elyvilon
Fedhas
Kikubaaqudgha
Qazlal
Ru
Sif Muna
Uskayaw
Vehumet
Xom
The Shining One

Shops:
D:4 =

Annotations:
Lair:3 jackcabral90's ghost, journeyman TrBe


Innate Abilities, Weirdness & Mutations

You are resistant to torment.
Your stone body is resilient. (AC +8)
You are immune to poison.
You resist negative energy. (rN+)
You are resistant to electric shocks. (rElec)
You can survive without breathing.
You are immune to petrification.
You are immune to rotting.
You have a pair of small antennae on your head.
You are partially covered in iridescent scales. (AC +2)
You are agile. (Dex +2)


Message History

Casting: Stone Arrow
Confirm with . or Enter, or press ? or * to list all spells.
Aiming: Sandblast
Press: ? - help, Shift-Dir - straight line, f/p - jackcabral90's ghost
Aim: jackcabral90's ghost (heavily damaged)
The blast of sand hits jackcabral90's ghost.
Jackcabral90's ghost is heavily damaged.
b - 323 stones Jackcabral90's ghost misses you.
Casting: Sandblast
Confirm with . or Enter, or press ? or * to list all spells.
Aiming: Sandblast
Press: ? - help, Shift-Dir - straight line, f/p - jackcabral90's ghost
Aim: jackcabral90's ghost (heavily damaged)
The blast of sand hits jackcabral90's ghost.
Jackcabral90's ghost is severely damaged.
b - 322 stones Jackcabral90's ghost hits you!!
Ouch! That really hurt!
You die...

.....#...... ....#.....P
.PP.......# .........
.........# ........#
##........# .......#
#.........# .......##
##.W......# [.......#
#..@......## ........####
##.........#
.......#...###P.........#
.......................#
#####..#.#########.....#
## ###..## #.....# .#
##..# ##.....# ## #..#
##......## # ##..#
#........#


You could see jackcabral90's ghost.

Vanquished Creatures
  A hydra (Lair:3)
  2 two-headed ogres
  The ghost of anomandaris the Basher, a novice MiBe of Trog (D:8)
  An unseen horror (D:10)
  An orc knight (Bailey)
  Pikel (D:6)
  3 oklob plants
  A black mamba (Lair:1)
  Maurice (D:10)
  5 elephants (Lair:3)
  2 spiny frogs
  2 komodo dragons
  7 hippogriffs
  3 hornets (D:8)
  4 blink frogs (Lair:3)
  Grinder (D:6)
  17 yaks
  A basilisk (Lair:1)
  A soldier ant (D:8)
  10 water moccasins
  2 porcupines
  A hornet zombie (D:6)
  2 slaves (D:6)
  3 black bears
  10 orc warriors
  5 ogres
  An ice beast (D:10)
  A phantom (D:6)
  A necrophage (D:10)
  3 wolves (Lair:3)
  4 centaurs
  A big kobold (Sewer)
  7 bullfrogs
  2 gnoll sergeants (D:8)
  3 scorpions
  A wyvern skeleton (D:8)
  4 jellies
  4 killer bees (D:8)
  A wight (D:8)
  A howler monkey (D:4)
  An electric eel (Lair:2)
  3 crimson imps
  A bullfrog zombie (D:10)
  9 hounds
  6 orc priests
  A bullfrog skeleton (D:8)
  Crazy Yiuf (D:5)
  10 orc wizards
  Jessica (D:2)
  A centaur skeleton (D:9)
  2 iguanas
  8 worker ants
  A howler monkey zombie (D:9)
  7 gnolls
  14 adders
  A river rat (Sewer)
  A shadow imp (D:9)
  An ooze (D:2)
  An adder zombie (D:8)
  3 adder skeletons
  3 worms
  3 dart slugs
  5 leopard geckos
  37 orcs
  4 giant cockroaches
  12 goblins
  8 hobgoblins
  3 jackals
  8 quokkas
  A ball python (D:1)
  A ball python zombie (D:4)
  7 bats
  3 frilled lizards
  31 kobolds
  A quokka skeleton (D:5)
  10 rats
332 creatures vanquished.

Vanquished Creatures (collateral kills)
  A plant (Lair:2)
1 creature vanquished.

Vanquished Creatures (others)
  2 slaves (D:6)
  A phantom (D:8)
  A bush (Lair:1)
  A fungus (Lair:1)
  2 plants
7 creatures vanquished.

Grand Total: 340 creatures vanquished

Notes
Turn   | Place    | Note
-------+----------+-------------------------------------------
     0 | D:1      | JeffiDaFish the Gargoyle Earth Elementalist began the quest for the Orb.
     0 | D:1      | Reached XP level 1. HP: 10/10 MP: 3/3
   136 | D:1      | Reached XP level 2. HP: 15/15 MP: 1/5
   602 | D:1      | Reached XP level 3. HP: 13/19 MP: 6/6
   875 | D:2      | Found a faded altar of an unknown god.
  1288 | D:2      | Noticed Jessica
  1293 | D:2      | Killed Jessica
  1293 | D:2      | Reached XP level 4. HP: 24/24 MP: 4/8
  1314 | D:2      | Found a blossoming altar of Fedhas.
  1420 | D:2      | Reached skill level 5 in Earth Magic
  1936 | D:2      | Found a glowing golden altar of the Shining One.
  1968 | D:3      | Found a radiant altar of Vehumet.
  1976 | D:3      | Reached XP level 5. HP: 28/28 MP: 10/10
  1989 | D:3      | Found an ancient bone altar of Kikubaaqudgha.
  1991 | D:3      | Found a deep blue altar of Sif Muna.
  1997 | D:3      | Identified Sif Muna's Handbook of the Voyage
  2010 | D:3      | Became a worshipper of Vehumet
  2416 | D:3      | Found a glowing drain.
  2427 | Sewer    | Entered a sewer
  2438 | Sewer    | Reached * piety under Vehumet
  2438 | Sewer    | Offered knowledge of Freeze by Vehumet.
  2438 | Sewer    | Reached XP level 6. HP: 32/32 MP: 9/12
  2451 | Sewer    | Learned a level 3 spell: Stone Arrow
  2457 | Sewer    | Learned a level 5 spell: Lee's Rapid Deconstruction
  2550 | Sewer    | Found a white marble altar of Elyvilon.
  2940 | D:4      | Found Vaim's Jewellery Shoppe.
  2994 | D:4      | Reached skill level 5 in Spellcasting
  2994 | D:4      | Reached XP level 7. HP: 27/36 MP: 0/14
  3184 | D:4      | Found a staircase to the Ecumenical Temple.
  3645 | D:4      | Found a shimmering altar of Xom.
  3651 | D:4      | Reached skill level 1 in Conjurations
  3870 | D:5      | Entered Level 5 of the Dungeon
  4044 | D:5      | Identified a scroll of acquirement
  4119 | D:5      | Found a stormy altar of Qazlal.
  4295 | D:5      | Found a runed door.
  4299 | D:5      | Noticed Crazy Yiuf
  4302 | D:5      | Killed Crazy Yiuf
  4775 | D:6      | Reached ** piety under Vehumet
  4835 | D:6      | Noticed Pikel
  4850 | D:6      | Killed Pikel
  4850 | D:6      | Reached XP level 8. HP: 29/41 MP: 4/18
  4886 | D:6      | Offered knowledge of Throw Flame by Vehumet.
  5337 | D:6      | Noticed Grinder
  5350 | D:6      | Killed Grinder
  5350 | D:6      | Reached XP level 9. HP: 42/45 MP: 7/20
  5387 | D:6      | Reached XP level 10. HP: 50/50 MP: 14/23
  5985 | D:7      | Learned a level 4 spell: Sticky Flame
  6695 | D:7      | Offered knowledge of Dazzling Spray by Vehumet.
  7486 | D:8      | Noticed a hand axe
  7487 | D:8      | Found a hide-covered altar of Uskayaw.
  7487 | D:8      | Noticed a hand axe
  7512 | D:8      | Reached *** piety under Vehumet
  7693 | D:8      | Offered knowledge of Olgreb's Toxic Radiance by Vehumet.
  7911 | D:8      | Noticed anomandaris's ghost (novice MiBe)
  7936 | D:8      | Killed anomandaris's ghost
  7936 | D:8      | Reached skill level 10 in Conjurations
  8240 | D:8      | Reached skill level 10 in Spellcasting
  8241 | D:8      | Reached XP level 11. HP: 36/54 MP: 10/25
  8650 | D:9      | Gained mutation: You have a pair of small antennae on your head. [potion of mutation]
  8650 | D:9      | Gained mutation: You are agile. (Dex +2) [potion of mutation]
  8650 | D:9      | Gained mutation: You are partially covered in iridescent scales. (AC +2) [potion of mutation]
  8656 | D:9      | Found a white marble altar of Elyvilon.
  8706 | D:9      | Learned a level 4 spell: Olgreb's Toxic Radiance
  8778 | D:9      | Learned a level 3 spell: Inner Flame
  8790 | D:9      | Found a sacrificial altar of Ru.
  8790 | D:9      | Found a shattered altar of Ashenzari.
  8791 | D:9      | Found a flagged portal.
  8808 | Bailey   | Entered a bailey
  8832 | Bailey   | Reached **** piety under Vehumet
  8875 | Bailey   | Noticed an orc knight
  8983 | Bailey   | Killed an orc knight
  8983 | Bailey   | Reached skill level 10 in Earth Magic
  9064 | Bailey   | Offered knowledge of Iskenderun's Mystic Blast by Vehumet.
  9428 | D:9      | Noticed a two-headed ogre
  9433 | D:9      | Killed a two-headed ogre
  9433 | D:9      | Reached skill level 1 in Fighting
  9491 | D:9      | Reached skill level 1 in Poison Magic
  9532 | D:9      | Reached skill level 1 in Fire Magic
  9747 | D:10     | Entered Level 10 of the Dungeon
  9919 | D:4      | Bought the ring "Seucymun" {rPois Str+2 Int+3 Stlth+} for 339 gold pieces
 10079 | D:10     | Found a staircase to the Lair.
 10373 | D:10     | Noticed Maurice
 10380 | D:10     | Killed Maurice
 10615 | D:10     | Noticed a two-headed ogre
 10619 | D:10     | Killed an unseen horror
 10625 | D:10     | Killed a two-headed ogre
 11120 | Lair:1   | Entered Level 1 of the Lair of Beasts
 11195 | Lair:1   | Reached ***** piety under Vehumet
 11423 | Lair:1   | Reached XP level 12. HP: 54/64 MP: 18/26
 11427 | Lair:1   | Offered knowledge of Yara's Violent Unravelling by Vehumet.
 11760 | Lair:1   | Found the +8 whip "Snakebite" {curare, rPois}
 12470 | Lair:2   | Learned a level 5 spell: Fireball
 12915 | Lair:2   | Found a staircase to the Swamp.
 13539 | Lair:3   | Reached skill level 5 in Fighting
 13618 | Lair:3   | Noticed an eight-headed hydra
 13625 | Lair:3   | Killed an eight-headed hydra
 13625 | Lair:3   | Reached skill level 5 in Fire Magic
 13625 | Lair:3   | Reached skill level 5 in Poison Magic
 13782 | Lair:3   | Reached skill level 1 in Maces & Flails
 14105 | Lair:3   | Noticed jackcabral90's ghost (journeyman TrBe)
 14115 | Lair:3   | Slain by jackcabral90's ghost

Skill      XL: |  1  2  3  4  5  6  7  8  9 10 11 12 |
---------------+-------------------------------------+-----
Earth Magic    | 4 5 6 7 8 9 10 11 | 11.9
Spellcasting   | 3 4 5 6 7 9 10 11 | 11.3
Conjurations   | 3 4 9 10 | 10.4
Dodging        | 6 |  6.6
Fighting       | 3 5 |  5.8
Poison Magic   | 3 5 |  5.3
Fire Magic     | 3 5 |  5.3
Maces & Flails | 1 |  1.4
Stealth        | |  2.2
Transmutations | |  0.7

Action                   |  1- 3 |  4- 6 |  7- 9 | 10-12 || total
-------------------------+-------+-------+-------+-------++-------
Melee: Short sword       |    27 |   142 |    72 |       ||   241
       Hand axe          |    60 |       |       |       ||    60
       Whip              |       |       |    21 |   233 ||   254
 Cast: Sandblast         |    20 |    29 |    27 |   147 ||   223
       Stone Arrow       |       |     3 |    19 |   161 ||   183
       Lee's Rapid Decon |       |       |     7 |    38 ||    45
       Inner Flame       |       |       |       |     4 ||     4
       Sticky Flame      |       |       |       |     6 ||     6
       Olgreb's Toxic Ra |       |       |       |     5 ||     5
       Fireball          |       |       |       |    10 ||    10
  Use: Potion            |     1 |     5 |     3 |     7 ||    16
       Scroll            |     4 |     1 |     3 |    16 ||    24
 Stab: Sleeping          |     1 |     5 |     2 |     2 ||    10
  Eat: Chunk             |     2 |     5 |    11 |    29 ||    47
       Ration            |       |       |       |     2 ||     2
Armor: Robe              |    37 |    73 |    35 |   165 ||   310
Dodge: Dodged            |    87 |   100 |    64 |   297 ||   548
